 Dungeon Crawl Stone Soup version 0.24-a0-789-g35933f4585 (webtiles) character file.

Game seed: 3927973953055771240, levelgen mode: deterministic

104 Conn the Sneak (level 4, -5/27 HPs)
             Began as an Octopode Fire Elementalist on Oct 10, 2019.
             Killed by divine providence
             ... invoked by an orc priest
              (14 damage)
             ... on level 3 of the Dungeon.
             The game lasted 00:05:02 (2494 turns).

Conn the Sneak (Octopode Fire Elementalist)         Turns: 2494, Time: 00:05:03

Health: -5/27      AC:  1    Str:  7    XL:     4   Next: 80%
Magic:  0/8        EV: 13    Int: 18    God:
Gold:   98         SH:  0    Dex: 12    Spells: 7/8 levels left

rFire    . . .     SeeInvis .   h - +0 dagger
rCold    . . .     Gourm    .   (no shield)
rNeg     . . .     Faith    .   (helmet restricted)
rPois    .         Spirit   .   (no amulet)
rElec    .         Reflect  .   i - ring of flight
rCorr    .         Harm     .   (no ring)
MR       .....                  (no ring)
Stlth    +++.......             (no ring)
HPRegen  0.09/turn              (no ring)
MPRegen  0.11/turn              (no ring)
                                (no ring)
                                (no ring)

@: no status effects
A: almost no armour, stealthy swim, amphibious, 8 rings, constrict 8, camouflage
1, gelatinous body 1
a: Evoke Flight


You were on level 3 of the Dungeon.
You were not hungry.

You visited 1 branch of the dungeon, and saw 3 of its levels.

You collected 98 gold pieces.

Inventory:

Hand Weapons
 h - a +0 dagger (weapon)
Missiles
 k - 27 poisoned darts (quivered)
Jewellery
 i - a ring of flight (left tentacle)
Scrolls
 d - 3 scrolls of magic mapping {unknown}
 e - 2 scrolls of fear {unknown}
 g - 2 scrolls of teleportation {unknown}
 j - a scroll of blinking {unknown}
 n - 2 scrolls of noise {unknown}
 p - a scroll of fog {unknown}
Potions
 a - a potion of curing
 c - a potion of magic {unknown}
 l - a potion of haste {unknown}
 m - a potion of heal wounds {unknown}
 o - a potion of flight {unknown}
Comestibles
 b - 4 rations


   Skills:
 + Level 0.4 Fighting
 + Level 0.2 Short Blades
 + Level 2.2 Dodging
 + Level 4.1 Stealth
 + Level 2.7 Spellcasting
 + Level 2.0 Conjurations
 + Level 3.6 Fire Magic


You had 7 spell levels left.
You knew the following spells:

 Your Spells              Type           Power        Failure   Level  Hunger
a - Flame Tongue          Conj/Fire      ##...        5%          1    #......

Your spell library contained the following spells:

 Spells                   Type           Power        Failure   Level  Hunger
 Throw Flame              Conj/Fire      ##....       8%          2    ##.....
 Conjure Flame            Conj/Fire      ##......     16%         3    ###....
 Inner Flame              Hex/Fire       #.......     24%         3    ###....
 Sticky Flame             Conj/Fire      ##......     45%         4    #####..
 Fireball                 Conj/Fire      ##........   82%         5    ######.


Dungeon Overview and Level Annotations

Branches:
Dungeon (3/15)

Altars:
Xom


Innate Abilities, Weirdness & Mutations

You cannot wear most types of armour.
You are very stealthy in the water. (Stealth+)
You are amphibious.
You can wear up to eight rings at the same time.
You can use your tentacles to constrict eight enemies at once.
Your skin changes colour to match your surroundings (Stealth+).
Your rubbery body absorbs attacks. (AC +1, EV +1)


Message History

The orc priest hits you with a +0 hand axe.
Unknown command.
Casting: Flame Tongue (safe; 5% risk of failure)
Confirm with . or Enter, or press ? or * to list all spells.
Aiming: Flame Tongue (safe; 5% risk of failure)
Press: ? - help, Shift-Dir - straight line, f - orc priest
Aim: an orc priest, wielding a +0 hand axe (lightly wounded, constricted by you)
The flame tongue hits the orc priest.
The orc priest is moderately wounded.
The orc shouts!
You constrict the orc priest.
The orc priest hits you with a +0 hand axe!
* * * LOW HITPOINT WARNING * * *
A rat comes into view.
It was a potion of curing.
You feel better.
You constrict the orc priest.
An orc comes into view. It is wielding a +0 hand axe.
The orc priest calls down the wrath of Beogh upon you.
Beogh smites you!
Ouch! That really hurt!
You die...

.. +..### ... #..# .#
#.... w.#####.## .o ##..#
.#....#...###o###...#
....#...#...........#
<........###.#o#....###..
o# #o...g.....Kg......#
.# ##..#..##..##o#####.#
.# #g..##..#g###@## ..
.###.#og..g..# #..# #. #
#.g#####...# ##.# .##g##
#...# #.# ..g.# #...##
#)#
........#..#...##.#######
........#..###........^..
........#...####...######
..........# #......#####


You could see an orc warrior, an orc priest, 2 orcs, a goblin and a kobold.

Vanquished Creatures
  Robin (D:3)
  An ooze (D:1)
  3 worms (D:2)
  3 dart slugs
  3 leopard geckos (D:1)
  5 orcs (D:3)
  2 ball pythons (D:2)
  7 goblins
  9 hobgoblins
  4 jackals (D:1)
  6 kobolds
  6 bats
  6 frilled lizards
  5 rats
61 creatures vanquished.

Notes
Turn   | Place    | Note
-------+----------+-------------------------------------------
     0 | D:1      | Conn the Octopode Fire Elementalist began the quest for the
                  | Orb.
     0 | D:1      | Reached XP level 1. HP: 11/11 MP: 3/3
   546 | D:1      | Reached XP level 2. HP: 17/17 MP: 1/5
   548 | D:1      | Reached skill level 3 in Stealth
  1149 | D:1      | Reached XP level 3. HP: 20/21 MP: 1/6
  1307 | D:2      | Found a faded altar of an unknown god.
  1846 | D:2      | Reached XP level 4. HP: 13/27 MP: 4/7
  2202 | D:2      | Found a shimmering altar of Xom.
  2355 | D:3      | Noticed Robin
  2477 | D:3      | Killed Robin
  2477 | D:3      | Reached skill level 4 in Stealth
  2489 | D:3      | Noticed an orc warrior
  2494 | D:3      | Killed from afar by an orc priest

Levels and vault maps discovered:
D:1:      scummos_arrival_hexagon, layout_loops_cross, roderic_serpentine_path
D:2:      layout_basic, tgw_xom, first_ration,
          chequers_ecumenical_altar_simple_redux, minmay_pentomino_q2
D:3:      layout_rooms, chequers_temple_overflow_statue_of_worship,
          minmay_box_of_dots, uniq_sigmund, uniq_robin

Skill      XL: |  1  2  3  4 |
---------------+-------------+-----
Stealth        | 3 4 |  4.1
Conjurations   | 2 |  2.0
Fighting       | |  0.4
Short Blades   | |  0.2
Dodging        | |  2.2
Spellcasting   | |  2.7
Fire Magic     | |  3.6

Action                   |  1- 3 |  4- 6 || total
-------------------------+-------+-------++-------
Melee: Unarmed           |    20 |       ||    20
       Constrict         |     9 |    13 ||    22
       Tentacles         |     5 |     3 ||     8
       Dagger            |    21 |    35 ||    56
Throw: Dart              |       |     1 ||     1
 Cast: Flame Tongue      |    54 |    25 ||    79
  Use: Potion            |       |     1 ||     1
 Stab: Sleeping          |     4 |     1 ||     5
  Eat: Chunk             |     3 |     2 ||     5
Armor: Skin              |     8 |     4 ||    12
Dodge: Dodged            |    44 |    29 ||    73

Table legend:
 A = Non-vault XP
 B = Vault XP
 C = Vault XP percentage of total XP
 D = Non-vault monster count
 E = Vault monster count
 F = Vault count percentage of total count
                 A         B        C        D         E       F
            +---------+---------+-------+---------+---------+-------
      Total |     112 |      37 |  24.8 |      49 |      12 |  19.7
            +---------+---------+-------+---------+---------+-------
        D:1 |      48 |       0 |   0.0 |      22 |       0 |   0.0
        D:2 |      47 |      15 |  24.2 |      21 |       8 |  27.6
        D:3 |      17 |      22 |  56.4 |       6 |       4 |  40.0
            +---------+---------+-------+---------+---------+-------
